Map: Terraform LE (Void)

Players

Nerchio - Winner!

  • Race: Zerg Zerg
  • League: Diamond

Beastyqt

  • Race: Terran Terran
  • League: Master

Event: Lycan League Weekly August #1

VOD

Have the link to the VOD?

Description

Time

  • Played on: Aug. 3, 2015, 3:14 p.m.
  • Length: 11:47

All games in this series

Show
View Real Time Build Order
Export as new Build Order

Nerchio Zerg - Winner!

Build Orders: Hatch First 

Get SALT Encoding   

  12  0:01  Drone  
  13  0:13  Overlord  
  13  0:17  Drone  
  14  0:31  Drone x2  
  14  0:35  Drone  
  17  0:52  Hatchery  
  17  0:55  Drone  
  17  1:00  Drone, Extractor  
  17  1:17  Spawning Pool  
  16  1:19  Drone  
  16  1:24  Drone  
  18  1:29  Drone  
  19  1:39  Overlord  
  19  1:50  Drone  
  20  2:04  Zergling x2, Queen  
  20  2:05  Queen  
  20  2:07  Metabolic Boost  
  25  2:11  Zergling x2  
  25  2:15  Drone  
  27  2:17  Drone  
  29  2:22  Drone  
  29  2:25  Drone  
  30  2:34  Overlord  
  30  2:36  Drone  
  31  2:43  Queen  
  33  2:46  Overlord  
  33  3:14  Zergling x2  
  33  3:15  Zergling x16  
  42  3:20  Overlord, Zergling x2  
  42  3:21  Zergling x2  
  44  3:28  Evolution Chamber  
  44  3:30  Overlord  
  43  3:39  Drone  
  44  3:48  Queen  
  44  3:49  Drone x4  
  44  3:52  Drone  
  50  3:58  Drone x2  
  50  4:01  Zerg Melee Weapons Level 1  
  51  4:03  Overlord  
  51  4:05  Drone x2  
  51  4:06  Drone  
  51  4:09  Drone  
  51  4:13  Overlord  
  51  4:25  Drone  
  51  4:27  Hatchery, Drone  
  51  4:28  Drone  
  51  4:30  Drone  
  54  4:32  Drone  
  54  4:35  Drone  
  54  4:36  Drone  
  57  4:44  Roach Warren  
  57  4:45  Drone x2  
  58  4:49  Extractor  
  58  4:50  Overlord, Extractor  
  56  4:56  Drone  
  56  4:57  Drone  
  56  4:59  Spine Crawler  
  57  5:01  Overlord  
  57  5:24  Roach x10  
  57  5:27  Overlord  
  77  5:33  Overlord  
  77  5:36  Lair  
  77  5:48  Drone x6  
  83  5:53  Drone x5  
  83  5:56  Drone, Extractor  
  88  6:01  Evolution Chamber, Drone  
  88  6:02  Drone  
  89  6:06  Drone  
  89  6:10  Drone  
  91  6:11  Drone  
  91  6:13  Zerg Ground Armor Level 1  
  91  6:15  Drone  
  91  6:16  Drone  
  94  6:18  Overlord  
  94  6:20  Drone  
  94  6:21  Drone  
  96  6:27  Overlord  
  96  6:39  Drone x3  
  97  6:41  Queen  
  97  6:42  Queen  
  97  6:44  Ravager  
  97  6:45  Ravager x2  
  97  6:46  Drone x4  
  107  6:49  Drone x2  
  107  6:55  Drone  
  105  7:02  Drone  
  105  7:03  Drone  
  105  7:05  Drone  
  106  7:10  Drone  
  106  7:14  Overlord  
  107  7:19  Overlord  
  107  7:21  Drone  
  107  7:24  Drone  
  107  7:28  Infestation Pit  
  107  7:29  Overlord  
  107  7:36  Drone x3  
  111  7:37  Drone x2  
  111  7:44  Drone x3  
  114  7:50  Hatchery  
  114  7:52  Glial Reconstitution  
  114  7:53  Zerg Melee Weapons Level 2  
  114  7:57  Extractor  
  114  7:58  Extractor  
  112  8:01  Roach x8  
  112  8:02  Overseer  
  128  8:08  Spire  
  125  8:23  Ravager x3  
  123  8:35  Overlord  
  123  8:36  Drone x5  
  123  8:38  Drone  
  123  8:39  Drone x4, Queen  
  123  8:43  Overlord  
  123  8:44  Hive  
  123  8:50  Spore Crawler  
  123  8:51  Overlord  
  123  8:52  Spore Crawler  
  121  8:56  Zerg Ground Armor Level 2  
  121  8:57  Roach x2  
  121  8:58  Roach  
  121  9:01  Roach  
  129  9:06  Zergling x6  
  129  9:09  Overlord  
  132  9:15  Zergling x6  
  132  9:16  Zergling x14  
  142  9:18  Queen  
  142  9:21  Overlord  
  142  9:22  Extractor  
  143  9:25  Extractor  
  143  9:26  Overlord  
  131  9:41  Corruptor  
  131  9:42  Corruptor x4  
  131  9:43  Drone  
  131  9:44  Drone  
  139  10:00  Roach  
  139  10:01  Roach x8  
  139  10:05  Greater Spire  
  157  10:11  Corruptor  
  157  10:13  Hatchery  
  162  10:14  Roach x4  
  166  10:25  Roach x3  
  166  10:26  Roach  
  174  10:30  Hatchery  
  174  10:33  Roach x5  
  183  10:40  Roach x4  
  183  10:42  Overlord  
  191  10:44  Overlord  
  178  10:55  Roach x6  
  175  11:00  Roach x4  
  182  11:08  Corruptor  
  182  11:13  Corruptor  
  182  11:14  Corruptor  
  183  11:23  Roach x4  
Show
View Real Time Build Order
Export as new Build Order

Beastyqt Terran 

Build Orders: Hellion Opening, Mech 

Get SALT Encoding   

  12  0:01  SCV  
  13  0:13  SCV  
  14  0:18  Supply Depot  
  14  0:25  SCV  
  15  0:41  SCV, Barracks  
  16  0:45  Refinery  
  16  0:53  SCV  
  17  1:05  SCV  
  18  1:17  SCV  
  19  1:30  Orbital Command  
  19  1:33  Barracks Reactor  
  19  1:44  Command Center  
  19  1:56  Supply Depot, SCV  
  20  2:08  SCV  
  20  2:09  Marine x2  
  23  2:15  Factory  
  23  2:21  SCV  
  24  2:27  Marine x2  
  26  2:32  Supply Depot  
  26  2:33  SCV  
  27  2:45  SCV  
  27  2:48  Marine  
  27  2:49  Marine  
  30  2:56  Orbital Command  
  30  2:57  SCV  
  31  3:02  Starport  
  31  3:10  SCV  
  32  3:16  Hellion x2  
  36  3:22  SCV  
  36  3:24  SCV  
  36  3:25  Marine  
  38  3:31  Refinery  
  38  3:34  SCV  
  39  3:36  SCV  
  39  3:37  Hellion x2  
  39  3:40  Medivac  
  46  3:47  SCV, Supply Depot  
  46  3:48  Supply Depot, Marine  
  47  3:54  SCV  
  47  3:59  SCV, Hellion x2  
  46  4:06  SCV, Marine  
  46  4:08  Supply Depot  
  42  4:11  SCV  
  42  4:12  Armory  
  41  4:19  SCV  
  42  4:27  SCV, Liberator  
  42  4:28  Hellion  
  45  4:33  SCV  
  45  4:35  Bunker  
  45  4:36  Starport Reactor  
  46  4:39  SCV  
  46  4:45  Barracks Reactor  
  50  4:49  Supply Depot  
  50  4:51  SCV  
  51  4:53  SCV  
  51  4:56  Hellion  
  54  5:00  Hellion  
  54  5:03  SCV  
  54  5:06  SCV  
  58  5:13  Supply Depot  
  58  5:21  SCV  
  59  5:22  Hellion x2  
  59  5:27  SCV  
  64  5:33  Command Center  
  65  5:35  SCV  
  65  5:38  Supply Depot  
  65  5:39  Liberator x2  
  65  5:40  Hellion x2  
  65  5:42  SCV  
  66  5:45  Engineering Bay  
  66  5:47  SCV  
  65  5:53  Hellion x2  
  65  5:55  Supply Depot  
  73  5:58  SCV  
  73  6:02  SCV  
  75  6:05  Marine  
  75  6:10  Supply Depot, SCV  
  77  6:14  SCV  
  77  6:15  Hellion x2  
  82  6:21  Refinery  
  82  6:22  Refinery  
  82  6:23  Marine  
  82  6:24  SCV  
  84  6:28  Liberator  
  84  6:30  Factory x2  
  84  6:31  SCV  
  81  6:40  SCV  
  81  6:43  Hellion x2  
  87  6:50  SCV, Orbital Command  
  87  6:53  SCV  
  87  6:54  Liberator  
  83  7:01  Terran Vehicle Weapons Level 1  
  83  7:02  SCV  
  83  7:04  Hellion  
  83  7:05  Hellion  
  88  7:09  SCV  
  88  7:15  Factory Tech Lab, Missile Turret, Orbital Command  
  92  7:17  SCV  
  93  7:23  Factory Tech Lab  
  93  7:29  Missile Turret  
  93  7:30  SCV  
  93  7:34  Hellion x2, Missile Turret  
  98  7:39  SCV  
  98  7:40  SCV  
  98  7:42  SCV  
  101  7:45  Siege Tank  
  101  7:49  Siege Tank  
  108  7:51  SCV  
  108  7:58  SCV  
  109  8:01  Hellion x2  
  109  8:03  SCV  
  114  8:08  Armory, Supply Depot x3  
  114  8:18  SCV  
  108  8:25  Siege Tank  
  108  8:26  Hellion x2, Siege Tank  
  116  8:28  Refinery x2  
  114  8:40  Medivac  
  114  8:41  Medivac  
  106  8:43  Command Center  
  106  8:47  Hellion x2  
  106  8:48  Supply Depot x2, Sensor Tower  
  110  8:52  SCV  
  111  8:58  Hellion x2, Factory x2  
  111  9:00  SCV x2  
  117  9:05  SCV  
  117  9:08  Terran Vehicle Weapons Level 2  
  118  9:11  Hellion x2  
  118  9:12  SCV x2, Terran Vehicle And Ship Armor Level 1, Liberator  
  124  9:17  SCV  
  125  9:25  SCV  
  125  9:26  Siege Tank  
  125  9:31  Hellion  
  134  9:32  Supply Depot  
  134  9:33  Hellion  
  134  9:37  Hellion  
  130  9:42  Factory Tech Lab  
  130  9:43  Factory Tech Lab  
  124  9:47  Fusion Core  
  124  9:52  Hellion  
  116  10:04  Hellion x3  
  116  10:05  Hellion x2  
  126  10:15  Cyclone, Unknown  
  129  10:26  SCV x2, Cyclone  
  129  10:27  SCV  
  135  10:34  Command Center x2  
  135  10:38  Cyclone  
  135  10:48  Hellion x2  
  125  10:50  Cyclone  
  125  10:51  Hellion  
  102  10:58  SCV  
  102  11:00  Hellion  
  88  11:09  Hellion x2  
  86  11:21  Hellion  

Tags
 
Add a new tag
Caveats
  • Supply blocks, unpowered buildings, or Contaminate may cause inaccurate times.
  • Supply counts are checked every 10 seconds.